 Dungeon Crawl Stone Soup version 0.26-a0-682-g294304f6e8 (webtiles) character file.

Game seed: 1961300792998745013

3577 lunkers the Martial Artist (level 9, -1/64 HPs)
             Began as a Green Draconian Transmuter on Oct 20, 2020.
             Was a Follower of Ru.
             Killed by divine providence
             ... invoked by an orc priest
              (12 damage)
             ... on level 8 of the Dungeon.
             The game lasted 00:13:49 (10529 turns).

lunkers the Martial Artist (DrTm)                  Turns: 10529, Time: 00:13:50

Health: -1/64      AC:  2    Str: 13    XL:     9   Next: 84%
Magic:  19/20      EV: 19    Int: 19    God:    Ru [*.....]
Gold:   364        SH:  0    Dex: 20    Spells: 2/11 levels left

rFire    . . .     SeeInvis .     - Unarmed
rCold    . . .     Faith    .   (shield currently unavailable)
rNeg     . . .     Spirit   .   (armour unavailable)
rPois    x         Reflect  .   (helmet currently unavailable)
rElec    .         Harm     .   (cloak currently unavailable)
rCorr    .         Rampage  .   (gloves currently unavailable)
MR       .....                  (boots currently unavailable)
Stlth    ++........             (no amulet)
HPRegen  0.20/turn              t - ring of magical power
MPRegen  0.17/turn              y - +6 ring of intelligence

@: spider-form
A: tiny, (breathe noxious fumes), unfitting armour, unskilled 1, AC +7
a: End Transformation, Renounce Religion


You were on level 8 of the Dungeon.
You worshipped Ru.
Ru was aware of your devotion.
You were a venomous arachnid creature.
You visited 1 branch of the dungeon, and saw 8 of its levels.

You collected 364 gold pieces.

Inventory:

Armour
 s - a +1 pair of boots (melded)
Jewellery
 t - a ring of magical power (left front leg)
 y - a +6 ring of intelligence (right front leg)
Wands
 a - a wand of polymorph (9)
 m - a wand of random effects (9)
 r - a wand of iceblast (16)
 u - a wand of paralysis (7)
Scrolls
 b - 6 scrolls of teleportation {unknown}
 d - 2 scrolls of enchant weapon {unknown}
 e - a scroll of magic mapping {unknown}
 h - 2 scrolls of immolation {unknown}
 k - 2 scrolls of remove curse {unknown}
 l - a scroll of blinking {unknown}
 o - 2 scrolls of enchant armour {unknown}
 q - 2 scrolls of fog {unknown}
 v - 2 scrolls of amnesia {unknown}
 w - a scroll of fear {unknown}
Potions
 c - 3 potions of invisibility
 f - 3 potions of heal wounds
 g - 4 potions of flight
 i - 4 potions of curing
 n - 2 potions of haste
 p - 3 potions of brilliance
 x - 2 potions of might
 z - a potion of stabbing


   Skills:
 - Level 1.0 Fighting
 - Level 1.5 Dodging
 + Level 9.6 Unarmed Combat
 - Level 1.7 Spellcasting
 + Level 9.4 Transmutations


You had 2 spell levels left.
You knew the following spells:

 Your Spells              Type           Power        Failure   Level
c - Spider Form           Tmut/Pois      ###.......   21%         3
d - Blade Hands           Tmut           #####.....   24%         5
p - Beastly Appendage     Tmut           #####.       3%          1

Your spell library contained the following spells:

 Spells                   Type           Power        Failure   Level
 Wereblood                Tmut           #####...     3%          2
 Magic Dart               Conj           #...         36%         1
 Blink                    Tloc           N/A          47%         2
 Call Imp                 Summ           #.......     47%         2
 Slow                     Hex            #.......     47%         2
 Ice Form                 Ice/Tmut       ###.....     47%         4
 Conjure Flame            Conj/Fire      #.......     67%         3
 Mephitic Cloud           Conj/Pois/Air  #.......     67%         3


Dungeon Overview and Level Annotations

Branches:
Dungeon (8/15)             Temple (0/1) D:7
   Lair: D:8-11

Altars:
Ashenzari
Cheibriados
Elyvilon
Gozag
Kikubaaqudgha
Makhleb
Ru
Sif Muna
Vehumet
Xom
The Shining One

Shops:
D:7 (

Annotations:
D:5 2 runed translucent doors, marklar909's ghost, novice FoAK


Innate Abilities, Weirdness & Mutations

((You can breathe blasts of noxious fumes.))
((Your lurid green scales are hard. (AC +7)))
You cannot fit into any form of body armour.
((Your system is resistant to poisons. (rPois)))
((You are cold-blooded and may be slowed by cold attacks.))
You are somewhat unskilled. (-1 Apt)


Message History

The hound zombie closely misses you.
You barely miss the hound zombie.
The hound zombie is severely damaged.
The hound zombie barely misses you.
You hit the hound zombie.
The hound zombie is severely damaged.
The hound zombie completely misses you.
The orc priest invokes the aid of Beogh against you.
Beogh smites you!
* * * LOW HITPOINT WARNING * * *
You bite the hound zombie!
You destroy the hound zombie!
The orc priest mumbles some strange prayers to Beogh against you.
Beogh smites you!
* * * LOW HITPOINT WARNING * * *
You bite the quokka skeleton!
You destroy the quokka skeleton!
The orc priest invokes the aid of Beogh against you.
Beogh smites you!
You die...

#.# #.# #.#.#### #.#
....[.# #.# #.....#
####.### #.....#
#......###...).## #
#.........#.... .
##..#o##.........##.####
......)s................
......##....##...##..###
..... #....##..........
...$ ########.####.##.
... #.#....... ..
#.#....... # #.#####)##
#......... #######..#


You could see an orc priest.

Vanquished Creatures
  Pikel (D:8)
  Grum (D:8)
  An orc warrior (D:8)
  2 ice beasts
  A sky beast (D:6)
  5 ogres
  3 wolves (D:8)
  2 phantoms
  4 centaurs
  2 lemures (D:8)
  4 bullfrogs
  2 scorpions
  2 howler monkeys
  4 electric eels (D:6)
  A centaur zombie (D:8)
  A hound (D:5)
  A quasit (D:7)
  A jelly (D:7)
  2 centaur skeletons
  An iguana (D:5)
  4 orc wizards
  10 worker ants
  A hound zombie (D:8)
  A hound skeleton (D:4)
  5 adders
  9 gnolls
  A shadow imp (D:5)
  5 white imps
  An ufetubus (D:5)
  4 oozes
  An adder zombie (D:7)
  2 worms
  A dart slug (D:4)
  4 leopard geckos
  19 orcs
  7 giant cockroaches
  6 goblins
  6 hobgoblins
  13 jackals
  4 quokkas
  11 bats
  3 frilled lizards
  8 kobolds
  A leopard gecko skeleton (D:4)
  A quokka skeleton (D:8)
  8 rats
177 creatures vanquished.

Vanquished Creatures (others)
  A wolf (D:8)
1 creature vanquished.

Grand Total: 178 creatures vanquished

Notes
Turn   | Place    | Note
-------+----------+-------------------------------------------
     0 | D:1      | lunkers the Draconian Transmuter began the quest for the
                  | Orb.
     0 | D:1      | Reached XP level 1. HP: 16/16 MP: 3/3
   311 | D:1      | Reached XP level 2. HP: 23/23 MP: 3/5
  1157 | D:2      | Reached XP level 3. HP: 10/28 MP: 4/6
  1162 | D:2      | Learned a level 3 spell: Spider Form
  2150 | D:3      | Found a shimmering altar of Xom.
  2163 | D:2      | Reached XP level 4. HP: 28/35 MP: 7/7
  2864 | D:3      | Reached XP level 5. HP: 40/40 MP: 6/8
  3210 | D:4      | Found an ancient bone altar of Kikubaaqudgha.
  3216 | D:4      | Found a white marble altar of Elyvilon.
  3707 | D:4      | Reached skill level 5 in Unarmed Combat
  3803 | D:4      | Found an opulent altar of Gozag.
  3807 | D:4      | Found a sacrificial altar of Ru.
  3832 | D:4      | Became a worshipper of Ru the Awakened
  3982 | D:4      | You fall into a shaft and drop 2 floors!
  4043 | D:6      | Noticed a centaur
  4050 | D:6      | Killed a centaur
  4050 | D:6      | Reached XP level 6. HP: 36/47 MP: 5/9
  4081 | D:5      | Entered Level 5 of the Dungeon
  4127 | D:5      | Found a runed translucent door.
  4209 | D:5      | Reached skill level 5 in Transmutations
  4499 | D:5      | Found a broken altar of Ashenzari.
  4659 | D:5      | Found an opulent altar of Gozag.
  4899 | D:5      | Noticed an ice beast
  4910 | D:5      | Killed an ice beast
  4910 | D:5      | Your scales start taking on a lurid green colour.
  4910 | D:5      | Reached XP level 7. HP: 52/52 MP: 7/10
  4910 | D:5      | Gained mutation: Your system is resistant to poisons.
                  | (rPois) [Green Draconian growth]
  5335 | D:5      | Found a runed translucent door.
  5809 | D:4      | Found a radiant altar of Vehumet.
  6260 | D:5      | Noticed marklar909's ghost (novice FoAK)
  6341 | D:5      | Gained mutation: You are somewhat unskilled. (-1 Apt) [Ru
                  | sacrifice]
  6341 | D:5      | Reduced skill Spellcasting to level 1
  6341 | D:5      | Reached * piety under Ru
  7059 | D:6      | Reached XP level 8. HP: 44/59 MP: 8/10
  8661 | D:7      | Found a shimmering blue altar of Sif Muna.
  8679 | D:7      | Found Anulov's Weapon Boutique.
  8702 | D:7      | Found a snail-covered altar of Cheibriados.
  8772 | D:7      | Found a staircase to the Ecumenical Temple.
  8784 | D:7      | Learned a level 5 spell: Blade Hands
  8875 | D:7      | Reached XP level 9. HP: 64/64 MP: 11/11
  9000 | D:7      | Found a burning altar of Makhleb.
  9148 | D:7      | Found a glowing golden altar of the Shining One.
  9529 | D:8      | Noticed Grum
  9777 | D:8      | Killed Grum
 10395 | D:8      | Noticed Pikel
 10444 | D:8      | Killed Pikel
 10529 | D:8      | Killed from afar by an orc priest

Illustrated notes

Levels and vault maps discovered:
D:1:      dpeg_arrival_shrine, layout_basic
D:2:      layout_loops_ring, chequers_serial_rivers_micro_b
D:3:      layout_rooms, xom_butterflies, kennysheep_cluttered_room
D:4:      layout_cave_pools, grunt_temple_overflow_open, vehumet_crystals,
          nicolae_ossuary_entry_ruins, serial_glass, glass_columns_a,
          glass_columns_b, glass_columns_b, glass_columns_b,
          minmay_misc_feat_cross
D:5:      layout_basic, nicolae_overflow_crystal_walls, basic_altar,
          ebering_ghost_sewer_f
D:6:      layout_basic, kennysheep_boxes
D:7:      layout_cave_pools, old_standard_altar, nicolae_tso_carved_into_rock,
          nicolae_overflow_hidden_temple, old_standard_altar,
          minmay_temple_entry_mist, serial_shops, kennysheep_mini_moat,
          kennysheep_generic_room_10
D:8:      layout_basic, uniq_grum, uniq_pikel

Skill      XL: |  1  2  3  4  5  6  7  8  9 |
---------------+----------------------------+-----
Transmutations | 3 4 5 6 7 9 |  9.4
Unarmed Combat | 4 5 6 6 8 9 |  9.6
Spellcasting   | 1 |  1.7
Fighting       | |  1.0
Dodging        | |  1.5

Action                   |  1- 3 |  4- 6 |  7- 9 || total
-------------------------+-------+-------+-------++-------
Melee: Unarmed           |   120 |   202 |   272 ||   594
       Kick              |    18 |    16 |       ||    34
       Headbutt          |    12 |    10 |       ||    22
       Tailslap          |    10 |    16 |     5 ||    31
       Punch             |     1 |     2 |     1 ||     4
 Cast: Beastly Appendage |    23 |    17 |       ||    40
       Spider Form       |       |    15 |    39 ||    54
Invok: Sacrifice Skill   |       |       |     1 ||     1
       Reject Sacrifices |       |       |     1 ||     1
Evoke: Wand              |       |       |     9 ||     9
  Use: Scroll            |       |       |     8 ||     8
 Stab: Distracted        |       |       |     1 ||     1
Armor: Skin              |    40 |    54 |    18 ||   112
Dodge: Dodged            |    99 |   177 |   174 ||   450

Table legend: (Time is in decaauts)
 A = Elapsed time spent in this place.
 B = Non-inter-level travel time spent in this place.
 C = Inter-level travel time spent in this place.
 D = Time resting spent in this place.
 E = Time spent auto-exploring this place.
 F = Levels seen in this place.
 G = Mean time per level.
                   A        B        C        D        E       F      G
               +--------+--------+--------+--------+--------+-----+--------+
         Total |  10474 |  10337 |    137 |    832 |   8035 |   8 | 1309.2 |
       Dungeon |  10474 |  10337 |    137 |    832 |   8035 |   8 | 1309.2 |
               +--------+--------+--------+--------+--------+-----+--------+

Top non-repeatable levels by time:
     D:5: 2058 daAuts
     D:6: 1657 daAuts
     D:7: 1372 daAuts
     D:3: 1353 daAuts
     D:1: 1142 daAuts
     D:2: 1068 daAuts
     D:4: 1044 daAuts
     D:8: 777 daAuts
